 Dungeon Crawl Stone Soup version 0.23-a0-612-gcb482e9 (console) character file.

44 Duffy the Conjurer (level 3, -5/24 HPs)
             Began as a Demonspawn Fire Elementalist on Dec 21, 2018.
             Slain by an orc
             ... wielding a +0 flail
              (6 damage)
             ... on level 3 of the Dungeon.
             The game lasted 00:00:59 (460 turns).

Duffy the Conjurer (Demonspawn Fire Elementalist)    Turns: 460, Time: 00:01:00

Health: -5/24      AC:  2    Str:  8    XL:     3   Next: 41%
Magic:  1/6        EV: 12    Int: 17    God:
Gold:   24         SH:  0    Dex: 13    Spells: 5/6 levels left

rFire    . . .     SeeInvis .   d - +0 blowgun
rCold    . . .     Gourm    .   (no shield)
rNeg     . . .     Faith    .   a - +0 robe
rPois    .         Spirit   .   (no helmet)
rElec    .         Reflect  .   (no cloak)
rCorr    .         Harm     .   (no gloves)
MR       .....                  (no boots)
Stlth    +++.......             (no amulet)
HPRegen  0.08/turn              (no ring)
MPRegen  0.10/turn              (no ring)

@: no status effects
A: nightstalker 1, sturdy frame 1
a: no special abilities


You were on level 3 of the Dungeon.
You were not hungry.

You visited 1 branch of the dungeon, and saw 3 of its levels.

You collected 24 gold pieces.

Inventory:

Hand Weapons
 d - a +0 blowgun (weapon)
 g - a +0 dagger
Armour
 a - a +0 robe (worn)
Scrolls
 b - a scroll of identify {unknown}
 e - a scroll of enchant weapon {unknown}
 h - a scroll of remove curse {unknown}
Potions
 f - a potion of lignification {unknown}
Comestibles
 c - a ration


   Skills:
 - Level 1.7 Dodging
 - Level 1.7 Stealth
 + Level 2.0 Spellcasting
 + Level 3.3 Conjurations
 + Level 2.7 Fire Magic


You had 5 spell levels left.
You knew the following spells:

 Your Spells              Type           Power        Failure   Level  Hunger
h - Flame Tongue          Conj/Fire      ##...        5%          1    #......

Your spell library contained the following spells:

 Spells                   Type           Power        Failure   Level  Hunger
 Throw Flame              Conj/Fire      ##....       9%          2    ###....
 Conjure Flame            Conj/Fire      ##......     17%         3    ###....
 Inner Flame              Hex/Fire       #.......     32%         3    ###....
 Sticky Flame             Conj/Fire      ##......     50%         4    #####..
 Fireball                 Conj/Fire      ##........   83%         5    ######.


Dungeon Overview and Level Annotations

Branches:
Dungeon (3/15)

Altars:


Innate Abilities, Weirdness & Mutations

You are slightly more attuned to the shadows.
Your movements are slightly less encumbered by armour. (ER -2)


Message History

The orc hits you with a +0 short sword.
Casting: Flame Tongue (safe; 5% risk of failure)
Confirm with . or Enter, or press ? or * to list all spells.
Aiming: Flame Tongue (safe; 5% risk of failure)
Press: ? - help, Shift-Dir - straight line, f/p - orc
Aim: an orc, wielding a +0 short sword and wearing a +0 ring mail (heavily The flame tongue hits the orc.
You kill the orc!
Casting: Flame Tongue (safe; 5% risk of failure)
Confirm with . or Enter, or press ? or * to list all spells.
You don't have enough magic to cast that spell.
The orc barely misses you. The orc barely misses you.
The orc completely misses you. The orc hits you.
The orc hits you with a +0 flail! The hobgoblin barely misses you.
The orc hits you. The orc hits you with a +0 flail!
The hobgoblin hits you but does no damage.
The orc misses you. The hobgoblin closely misses you.
The orc hits you with a +0 flail.
You die...

#....##########
#....'........#
#...<########.# #.####
#.# #.# #.# #.# #.# #.#
#.# #.# #%#
#.###@###########.###.#
.....oog......)(......>.
...###.###########.###.#
# #.# #'# #.# ... .(#
.... ... ....# ... ...#


You could see 2 orcs and a hobgoblin.

Vanquished Creatures
  An orc priest (D:3)
  A dart slug (D:1)
  A leopard gecko (D:3)
  An orc (D:3)
  A hobgoblin (D:1)
  5 kobolds
  2 rats (D:1)
12 creatures vanquished.

Notes
Turn   | Place    | Note
-------+----------+-------------------------------------------
     0 | D:1      | Duffy the Demonspawn Fire Elementalist began the quest for
                  | the Orb.
     0 | D:1      | Reached XP level 1. HP: 13/13 MP: 3/3
   137 | D:1      | Reached skill level 2 in Conjurations
   249 | D:2      | Gained mutation: You are slightly more attuned to the
                  | shadows. [demonic ancestry]
   249 | D:2      | Reached XP level 2. HP: 14/19 MP: 0/5
   448 | D:3      | Reached skill level 3 in Conjurations
   448 | D:3      | Gained mutation: Your movements are slightly less
                  | encumbered by armour. (ER -2) [demonic ancestry]
   448 | D:3      | Reached XP level 3. HP: 24/24 MP: 4/6
   459 | D:3      | HP: 1/24 [orc/+0 flail (9)]
   460 | D:3      | Slain by an orc

Vault maps used:
D:1:      nzn_arrival_depleted_hourglass
D:2:      nicolae_overflow_hidden_temple
D:3:      nicolae_qazlal_eye_of_the_storm, uniq_ijyb, uniq_jessica

Skill      XL: |  1  2 |
---------------+-------+-----
Conjurations   | 2 3 |  3.3
Dodging        | |  1.7
Stealth        | |  1.7
Spellcasting   | |  2.0
Fire Magic     | |  2.7

Action                   || total
-------------------------++-------
 Fire: Blowgun           ||     1
 Cast: Flame Tongue      ||    22
Armor: Robe              ||     3
Dodge: Dodged            ||    10

Table legend:
 A = Non-vault XP
 B = Vault XP
 C = Vault XP percentage of total XP
 D = Non-vault monster count
 E = Vault monster count
 F = Vault count percentage of total count
                 A         B        C        D         E       F
            +---------+---------+-------+---------+---------+-------
      Total |      64 |       0 |   0.0 |      12 |       0 |   0.0
            +---------+---------+-------+---------+---------+-------
        D:1 |      11 |       0 |   0.0 |       6 |       0 |   0.0
        D:2 |       4 |       0 |   0.0 |       2 |       0 |   0.0
        D:3 |      49 |       0 |   0.0 |       4 |       0 |   0.0
            +---------+---------+-------+---------+---------+-------
